 Dungeon Crawl Stone Soup version 0.28-a0-397-g1a7b1a870f (webtiles) character file.

Game seed: 5607803288076092190

2087 MacCMillion the Grappler (level 9, -14/85 HPs)
             Began as a Troll Earth Elementalist on Sept 3, 2021.
             Was a Follower of Makhleb.
             Demolished by an ogre (24 damage)
             ... on level 6 of the Dungeon.
             The game lasted 00:11:08 (3992 turns).

MacCMillion the Grappler (Troll Earth Elementalist) Turns: 3992, Time: 00:11:09

Health: -14/85     AC:  4    Str: 21    XL:     9   Next: 6%
Magic:  9/9        EV:  9    Int: 11    God:    Makhleb [*.....]
Gold:   195        SH:  0    Dex: 10    Spells: 7/10 levels left

rFire   . . .      SeeInvis .     - Unarmed
rCold   . . .      Faith    .   (no shield)
rNeg    . . .      Spirit   .   b - +0 robe
rPois   .          Reflect  .   (helmet restricted)
rElec   .          Harm     .   (no cloak)
rCorr   .          Rampage  .   (gloves unavailable)
Will    .....                   (boots unavailable)
Stlth   +.........              (no amulet)
HPRegen 1.24/turn               (no ring)
MPRegen 0.11/turn               (no ring)

@: no status effects
A: large, unfitting armour, claws 3, regeneration 1, shaggy fur 1, tough skin 1
a: Renounce Religion


You were on level 6 of the Dungeon.
You worshipped Makhleb.
Makhleb was aware of your devotion.
You visited 1 branch of the dungeon, and saw 6 of its levels.

You collected 195 gold pieces.

Inventory:

Missiles
 c - 234 stones
 n - a throwing net
Armour
 b - a +0 robe (worn)
Jewellery
 d - an amulet of regeneration
Wands
 m - a wand of polymorph (10)
Scrolls
 g - a scroll of holy word {unknown}
 h - a scroll of enchant weapon {unknown}
 j - a scroll of noise {unknown}
 k - a scroll of teleportation
Potions
 a - 2 potions of heal wounds
 e - a potion of mutation
 f - 2 potions of lignification
 o - a potion of attraction {unknown}


   Skills:
 + Level 4.6 Fighting
 - Level 1.5 Dodging
 - Level 1.0 Stealth
 + Level 10.0 Unarmed Combat
 - Level 1.2 Spellcasting
 - Level 0.6 Transmutations
 - Level 3.4 Earth Magic
 * Level 0.7 Invocations


You had 7 spell levels left.
You knew the following spells:

 Your Spells              Type           Power      Damage    Failure   Level
a - Sandblast             Erth           16%        2d6       8%          1
b - Passwall              Tmut/Erth      4%         N/A       21%         2

Your spell library contained the following spells:

 Spells                   Type           Power      Damage    Failure   Level
 Stone Arrow              Conj/Erth      8%         3d7       43%         3
 Petrify                  Tmut/Erth      5%         N/A       80%         4
 Summon Lightning Spire   Summ/Air       0%         N/A       97%         4
 Storm Form               Tmut/Air       0%         N/A       100%        7
 Maxwell's Capacitive Co  Air            0%         ∞         100%        8


Dungeon Overview and Level Annotations

Branches:
Dungeon (6/15)             Temple (0/1) D:5

Altars:
Cheibriados
Makhleb
Trog
Yredelemnul


Innate Abilities, Weirdness & Mutations

You are too large for most types of armour.
You have claws for hands.
Your natural rate of healing is unusually fast.
You are covered in fur. (AC +1)
You have tough skin. (AC +1)


Message History

You barely miss the orc.
The orc is lightly wounded.
The orc hits you with a +0 club. The orc hits you with a +0 falchion.
You claw the orc!
You kill the orc!
Makhleb accepts your kill.
An ogre comes into view. It is wielding a +0 giant club.
The orc hits you but does no damage.
The ogre shouts!
You scratch the orc but do no damage. You claw the orc!
You kill the orc!
Makhleb accepts your kill.
You feel better.
You scratch the orc.
The orc is moderately wounded.
The orc closely misses you.
You barely miss the orc.
The orc is moderately wounded.
The orc hits you with a +0 hand axe!
You claw the orc!
You kill the orc!
Makhleb accepts your kill.
There is an escape hatch in the ceiling here.
The ogre hits you with a +0 giant club!
The hornet zombie hits you but does no damage.
There is an escape hatch in the ceiling, spattered with blood here.
You barely miss the ogre. The hornet zombie hits you.
The ogre hits you with a +0 giant club!!
You barely miss the ogre. The hornet zombie hits you.
You scratch the ogre.
The ogre is moderately wounded.
The hornet zombie hits you! The ogre hits you with a +0 giant club!
* * * LOW HITPOINT WARNING * * *
You can't go down here!
Unknown command.
The hornet zombie hits you!
* * * LOW HITPOINT WARNING * * *
The ogre hits you with a +0 giant club!!
You die...

..........##.....
................#
.......)......##
.......).......#
.......O)......##
.........##......#
......##........######
..............Z.....#
.#.............O@....#
.#.#............###..#
..............#.# .#
....>.........#.# .#
##..........#... #
##........[##...
#.<.†..##.##.....
###..............
###...#....


You could see an ogre and a hornet zombie.

Vanquished Creatures
  Pikel (D:4)
  2 steam dragons (D:5)
  A water moccasin (D:5)
  Duvessa (D:4)
  2 sky beasts
  A black bear (D:5)
  A necrophage (D:4)
  A lemure (D:4)
  2 phantoms
  3 scorpions
  Dowan (D:4)
  A bullfrog skeleton (D:5)
  2 hounds
  3 iguanas (D:5)
  Natasha (thrice) (D:4)
  A scorpion zombie (D:5)
  A hound zombie (D:5)
  A hound skeleton (D:4)
  Robin (D:3)
  3 gnolls (D:4)
  5 adders
  A white imp (D:5)
  An ufetubus (D:4)
  3 worms
  2 dart slugs
  4 orcs (D:6)
  4 bats
  7 endoplasms
  2 giant cockroaches
  15 goblins
  10 hobgoblins
  3 jackals (D:4)
  4 quokkas
  4 ball pythons
  5 frilled lizards
  2 kobolds
  4 rats
108 creatures vanquished.

Vanquished Creatures (others)
  13 fungi (D:5)
13 creatures vanquished.

Grand Total: 121 creatures vanquished

Notes
Turn   | Place    | Note
-------+----------+-------------------------------------------
     0 | D:1      | MacCMillion the Troll Earth Elementalist began the quest
                  | for the Orb.
     0 | D:1      | Reached XP level 1. HP: 16/16 MP: 1/1
   127 | D:1      | Found a faded altar of an unknown god.
   192 | D:1      | Reached XP level 2. HP: 21/24 MP: 2/2
   203 | D:1      | Reached skill level 1 in Unarmed Combat
  1049 | D:2      | Reached XP level 3. HP: 30/31 MP: 3/3
  1333 | D:2      | Reached skill level 2 in Unarmed Combat
  1645 | D:3      | Noticed a phantom
  1654 | D:3      | Killed a phantom
  1655 | D:3      | Reached skill level 3 in Unarmed Combat
  1655 | D:3      | Reached XP level 4. HP: 37/40 MP: 4/4
  1655 | D:3      | Reached XP level 5. HP: 43/46 MP: 5/5
  2001 | D:3      | Noticed Robin
  2009 | D:3      | Reached skill level 4 in Unarmed Combat
  2034 | D:3      | Killed Robin
  2186 | D:3      | Learned a level 2 spell: Passwall
  2204 | D:4      | Found a burning altar of Makhleb.
  2208 | D:4      | Noticed a sky beast
  2247 | D:4      | Killed a sky beast
  2248 | D:4      | Reached skill level 5 in Unarmed Combat
  2248 | D:4      | Reached XP level 6. HP: 34/54 MP: 6/6
  2271 | D:4      | Became a worshipper of Makhleb the Destroyer
  2399 | D:4      | Reached skill level 6 in Unarmed Combat
  2423 | D:4      | Noticed a water moccasin
  2438 | D:5      | Entered Level 5 of the Dungeon
  2446 | D:5      | Killed a water moccasin
  2513 | D:4      | Reached XP level 7. HP: 39/61 MP: 7/7
  2564 | D:4      | Reached skill level 7 in Unarmed Combat
  2705 | D:4      | Noticed Pikel
  2770 | D:4      | Killed Pikel
  2771 | D:4      | Reached skill level 8 in Unarmed Combat
  2830 | D:4      | Noticed Natasha
  2846 | D:4      | Killed Natasha
  2847 | D:4      | Reached XP level 8. HP: 70/74 MP: 8/8
  2973 | D:4      | Found a bloodstained altar of Trog.
  3004 | D:4      | Noticed Dowan
  3005 | D:4      | Noticed Duvessa
  3028 | D:4      | Killed Duvessa
  3034 | D:4      | Killed Dowan
  3300 | D:4      | Noticed Natasha
  3304 | D:4      | Killed Natasha
  3307 | D:4      | Noticed Natasha
  3314 | D:4      | Killed Natasha
  3323 | D:4      | Reached * piety under Makhleb
  3400 | D:5      | Reached skill level 9 in Unarmed Combat
  3627 | D:5      | Found a basalt altar of Yredelemnul.
  3637 | D:5      | Reached skill level 10 in Unarmed Combat
  3640 | D:5      | Found a staircase to the Ecumenical Temple.
  3774 | D:5      | Found a snail-covered altar of Cheibriados.
  3884 | D:5      | Reached XP level 9. HP: 85/85 MP: 9/9
  3992 | D:6      | Demolished by an ogre

Illustrated notes

Levels and vault maps discovered:
D:1:      nzn_arrival_settlement, layout_basic, ebering_ecumenical_altar_hall
D:2:      layout_basic
D:3:      layout_basic, uniq_robin
D:4:      layout_basic, bloody_makhleb, trog_three_pillars_becter, uniq_duvessa,
          uniq_natasha, uniq_pikel
D:5:      kennysheep_steamy, layout_rooms, slow_altar_1,
          mainiacjoe_overflow_paths, minmay_temple_entry_tees, serial_glass,
          glass_columns_b, glass_columns_a, glass_columns_c
D:6:      layout_cave_pools, nicolae_dithmenos_the_darkroom,
          mrwooster_statue_mirror

Skill      XL: |  1  2  3  4  5  6  7  8 |
---------------+-------------------------+-----
Earth Magic    | 3 |  3.4
Unarmed Combat | 1 3 5 6 8 10 | 10.0
Fighting       | 2 4 |  4.6
Dodging        | |  1.5
Stealth        | |  1.0
Spellcasting   | |  1.2
Transmutations | |  0.6
Invocations    | |  0.7

Action                   |  1- 3 |  4- 6 |  7- 9 || total
-------------------------+-------+-------+-------++-------
Melee: Unarmed           |   129 |   101 |   156 ||   386
       Punch             |       |     1 |     4 ||     5
  Use: Scroll            |       |     4 |       ||     4
       Potion            |       |       |     3 ||     3
 Stab: Sleeping          |     2 |       |     2 ||     4
Armor: Robe              |    51 |    35 |    35 ||   121
Dodge: Dodged            |    54 |    40 |    56 ||   150

Table legend: (Time is in decaauts)
 A = Elapsed time spent in this place.
 B = Non-inter-level travel time spent in this place.
 C = Inter-level travel time spent in this place.
 D = Time resting spent in this place.
 E = Time spent auto-exploring this place.
 F = Levels seen in this place.
 G = Mean time per level.
                   A        B        C        D        E       F      G
               +--------+--------+--------+--------+--------+-----+--------+
         Total |   3935 |   3825 |    110 |    170 |   2687 |   6 |  655.8 |
       Dungeon |   3935 |   3825 |    110 |    170 |   2687 |   6 |  655.8 |
               +--------+--------+--------+--------+--------+-----+--------+

Top non-repeatable levels by time:
     D:4: 1089 daAuts
     D:1: 956 daAuts
     D:3: 796 daAuts
     D:5: 613 daAuts
     D:2: 429 daAuts
     D:6: 49 daAuts
